AoeStats
← Mhafiki

Black Forest

508807954Analyzed
3v3 RM · 7d ago on Sep 24, 2026· 85m 18s· 6 players
Game mode
Random Map
Map size
Normal (6 player)
Population
200
Speed
Normal
Resources
Standard
Victory
Conquest
Starting age
Dark Age
Ending age
Imperial Age
RankedLock teamsTeams togetherTeam positionsShared explorationLock speedFull tech treeHidden civsTurbo modeCheats
Victory
Defeat
🇺🇸 Bohemians · United States
1120
+14
🇺🇸 Danes · United States
1059
+17
🇺🇸 Hindustanis · United States
1054
+17
🇺🇸 Bulgarians · United States
1090
-17
🇺🇸 Cumans · United States
1076
-16
🇺🇸 Bulgarians · United States
1057
-15
Li1Fur
0:28 Loom
12:11 Feudal Age
26:51 Horse Collar
27:00 Double-Bit Axe
27:14 Gold Mining
33:31 Castle Age
35:06 Bow Saw
35:02 Heavy Plow
35:40 Gold Shaft Mining
34:59 Stone Mining
35:16 Caravan
36:47 Wheelbarrow
36:09 Pikeman
37:56 Hand Cart
38:00 Squires
42:49 Imperial Age
44:24 Forging
44:15 Scale Mail Armor
45:47 Two-Man Saw
45:24 Crop Rotation
46:33 Chemistry
45:54 Ballistics
45:46 Man-at-Arms
45:48 Halberdier
46:54 Onager
47:06 Long Swordsman
49:11 Scale Barding Armor
49:43 Iron Casting
50:50 Steppe Husbandry
53:12 Blast Furnace
52:28 Chain Mail Armor
52:33 Chain Barding Armor
53:14 Siege Onager
54:59 Elite Steppe Lancer
65:03 Light Cavalry
Hav1k
0:31 Loom
13:57 Feudal Age
15:12 Horse Collar
15:22 Double-Bit Axe
17:35 Forging
17:27 Scale Mail Armor
19:59 Forging
27:26 Castle Age
26:00 Gold Mining
26:03 Stone Mining
26:41 Scale Barding Armor
28:16 Heavy Plow
28:31 Bow Saw
29:24 Chain Mail Armor
29:19 Squires
29:05 Gambesons
31:28 Wheelbarrow
32:14 Gold Shaft Mining
32:17 Stone Shaft Mining
33:34 Hand Cart
39:49 Imperial Age
38:53 Iron Casting
38:39 Chain Barding Armor
38:11 Town Watch
39:32 Stirrups
39:12 Pikeman
40:14 Elite Konnik
40:57 Bagains
42:00 Blast Furnace
41:37 Plate Barding Armor
42:12 Plate Mail Armor
43:20 Town Patrol
44:30 Padded Archer Armor
44:21 Fletching
45:36 Leather Archer Armor
45:18 Bodkin Arrow
46:02 Thumb Ring
46:01 Bracer
46:45 Coinage
46:16 Caravan
46:28 Halberdier
49:36 Capped Ram
51:51 Siege Ram
Minhajt
0:51 Loom
11:51 Feudal Age
16:58 Scale Mail Armor
17:09 Forging
18:42 Arson
21:19 Castle Age
19:37 Arson
21:30 Gold Mining
22:54 Wheelbarrow
22:45 Stone Mining
23:58 Horse Collar
25:10 Heavy Plow
26:18 Double-Bit Axe
28:33 Fletching
30:09 Hand Cart
30:13 Town Watch
32:32 Bow Saw
32:44 Caravan
33:28 Ballistics
35:24 Gold Shaft Mining
35:15 Bodkin Arrow
38:09 Coinage
40:23 Imperial Age
39:27 Coinage
39:30 Light Cavalry
40:20 Bloodlines
40:11 Husbandry
40:15 Murder Holes
40:30 Masonry
40:37 Stirrups
41:19 Scale Barding Armor
41:50 Iron Casting
41:16 Bracer
42:25 Conscription
42:33 Town Patrol
43:14 Banking
43:17 Crop Rotation
43:10 Gambesons
43:25 Squires
42:46 Pikeman
44:51 Chain Barding Armor
45:31 Blast Furnace
44:47 Chain Mail Armor
45:15 Stone Shaft Mining
45:08 Bagains
44:57 Hussar
46:02 Onager
52:58 Chemistry
52:29 Architecture
52:04 Siege Engineers
52:39 Plate Barding Armor
52:34 Plate Mail Armor
51:27 Elite Konnik
53:42 Siege Onager
55:10 Capped Ram
57:05 Padded Archer Armor
56:35 Halberdier
69:35 Siege Ram
80:11 Siege Ram
Triqem
1:30 Loom
13:06 Feudal Age
15:21 Forging
18:04 Castle Age
15:56 Double-Bit Axe
17:40 Bloodlines
19:09 Stone Mining
20:41 Wheelbarrow
21:19 Scale Barding Armor
21:16 Horse Collar
27:55 Hand Cart
28:39 Bow Saw
31:01 Husbandry
31:05 Scale Mail Armor
31:03 Gold Mining
31:16 Heavy Plow
35:36 Imperial Age
33:10 Town Watch
34:36 Chain Barding Armor
35:12 Caravan
36:16 Chain Mail Armor
36:37 Iron Casting
36:41 Heavy Camel Rider
36:43 Elite Ghulam
39:26 Blast Furnace
39:02 Plate Barding Armor
40:13 Grand Trunk Road
40:50 Conscription
40:49 Imperial Camel Rider
41:31 Fletching
44:13 Coinage
44:15 Arson
44:30 Squires
44:29 Bodkin Arrow
44:54 Town Patrol
45:06 Devotion
51:26 Banking
53:51 Bracer
53:52 Padded Archer Armor
71:06 Hoardings
76:08 Fervor
76:19 Faith
77:44 Leather Archer Armor
82:31 Shatagni
83:04 Ring Archer Armor
83:03 Redemption
83:18 Illumination
83:09 Block Printing
82:49 Herbal Medicine
83:30 Theocracy
83:15 Sanctity
DVaso
10:37 Feudal Age
11:21 Loom
14:58 Castle Age
13:14 Horse Collar
13:24 Double-Bit Axe
18:00 Man-at-Arms
18:41 Scale Mail Armor
21:33 Wheelbarrow
31:53 Imperial Age
29:36 Bow Saw
29:27 Heavy Plow
30:38 Hand Cart
30:09 Town Watch
31:44 Chain Mail Armor
31:31 Squires
32:23 Forging
33:07 Plate Mail Armor
33:55 Iron Casting
34:37 Conscription
34:35 Siege Engineers
35:28 Caravan
35:34 Onager
37:55 Blast Furnace
38:49 Elite Jomsviking
39:25 Hamask
40:24 Arson
41:28 Ballistics
42:08 Chemistry
41:15 Heavy Scorpion
44:22 Northmen's Fury
45:41 Hoardings
45:03 Murder Holes
45:18 Masonry
45:19 Siege Onager
46:14 Fletching
47:10 Devotion
Mhafiki
0:56 Loom
11:18 Feudal Age
12:18 Feudal Age
13:19 Double-Bit Axe
13:17 Horse Collar
17:30 Castle Age
26:52 Bow Saw
27:24 Caravan
32:26 Heavy Plow
35:56 Wheelbarrow
42:34 Imperial Age
42:39 Hand Cart
42:09 Town Watch
43:20 Town Patrol
44:53 Chemistry
44:13 Siege Engineers
46:55 Masonry
47:06 Ballistics
49:33 Conscription
50:52 Architecture
50:40 Fortified Wall
51:03 Architecture
51:59 Two-Man Saw
52:31 Wagenburg Tactics
52:06 Houfnice
55:58 Padded Archer Armor
55:49 Fletching
63:56 Guard Tower
64:14 Hussite Reforms
63:35 Elite Skirmisher
64:34 Leather Archer Armor
63:43 Pikeman
63:45 Heavy Scorpion
63:50 Onager
63:54 Capped Ram
64:29 Elite Hussite Wagon
64:47 Sappers
69:14 Elite Skirmisher
69:16 Crossbowman
69:22 Halberdier
70:02 Squires
69:47 Arson
69:23 Man-at-Arms
70:25 Bombard Tower
69:50 Arrowslits
70:41 Keep
70:11 Siphons
70:17 Clinker Construction
70:02 Murder Holes
70:17 Careening
71:22 Long Swordsman
72:00 Bodkin Arrow
72:38 Ring Archer Armor
73:19 Arbalester
85:04 Bodkin Arrow
84:37 Spies/Treason
Connection lost

Rejoining the realm…

Still unreachable

The connection could not be restored.

Session expired

The server has moved on; the page needs a fresh start.